 Dungeon Crawl Stone Soup version 0.21-b1-21-g86478ac (webtiles) character file.

1804 KeeTraxx the Covert (level 9, -2/42 HPs)
             Began as a Vine Stalker Enchanter on Jan 4, 2018.
             Slain by a killer bee (4 damage)
             ... on level 7 of the Dungeon.
             The game lasted 00:23:47 (6653 turns).

KeeTraxx the Covert (Vine Stalker Enchanter)        Turns: 6653, Time: 00:23:47

Health: -2/42      AC:  3    Str: 10    XL:     9   Next: 9%
Magic:  0/18       EV: 15    Int: 18    God:
Gold:   361        SH:  5    Dex: 16    Spells: 8/18 levels left

rFire    . . .     SeeInvis .   E - +2 dagger (venom)
rCold    . . .     Gourm    .   p - +0 buckler
rNeg     . . .     Faith    .   H - +1 robe {MR+}
rPois    +         Spirit   +   (no helmet)
rElec    .         Reflect  .   (no cloak)
rCorr    .         Harm     .   (no gloves)
MR       ++...                  (no boots)
Stlth    ++++......             (no amulet)
HPRegen  0.54/turn              s - +3 ring of evasion
MPRegen  0.16/turn              n - ring of poison resistance

@: lethally poisoned (-2 -> -3), very slightly contaminated
A: fangs 3, regeneration 1, magic shield, antimagic bite, no potion heal 3, rot
immunity
a: no special abilities


You were on level 7 of the Dungeon.
You were hungry.

You visited 2 branches of the dungeon, and saw 8 of its levels.
You also visited: Sewer.

You collected 361 gold pieces.

Inventory:

Hand Weapons
 a - a +1 dagger
 g - a +3 dagger of speed
 v - a +0 blowgun
 E - a +2 dagger of venom (weapon)
Missiles
 i - 38 poisoned needles
 y - 13 tomahawks (quivered)
 z - 6 needles of paralysis
Armour
 b - a +0 robe
 p - a +0 buckler (worn)
 r - a +1 leather armour
 H - a +1 robe of magic resistance (worn)
Jewellery
 n - a ring of poison resistance (right hand)
 s - a +3 ring of evasion (left hand)
Wands
 A - a wand of disintegration (13)
 F - a wand of polymorph (13)
 I - a wand of flame (24)
 L - a wand of acid (10)
Scrolls
 e - 7 scrolls of remove curse {unknown}
 h - 9 scrolls of identify {unknown}
 m - a scroll of blinking
 o - a scroll of enchant armour
 t - 3 scrolls of amnesia {unknown}
 B - a scroll of teleportation
 C - a scroll of fog {unknown}
Potions
 f - a potion of mutation {unknown}
 j - 2 potions of haste {unknown}
 l - 6 potions of heal wounds {unknown}
 q - a potion of flight {unknown}
 u - 11 potions of curing {unknown}
 w - a potion of agility {unknown}
 x - a potion of berserk rage {unknown}
 D - a potion of might {unknown}
 G - a potion of lignification {unknown}
Books
 c - a book of Maledictions

   Spells                             Type                      Level
   a - Corona                         Hexes                        1
   b - Ensorcelled Hibernation        Hexes/Ice                    2
   c - Confuse                        Hexes                        3
   d - Tukima's Dance                 Hexes                        3
   e - Dazzling Spray                 Conjuration/Hexes            3
 k - a book of Cantrips

   Spells                             Type                      Level
   a - Confusing Touch                Hexes                        1
   b - Animate Skeleton               Necromancy                   1
   c - Summon Small Mammal            Summoning                    1
   d - Apportation                    Translocation                1
 K - a book of Air

   Spells                             Type                      Level
   a - Shock                          Conjuration/Air              1
   b - Swiftness                      Charms/Air                   2
   c - Static Discharge               Conjuration/Air              3
   d - Airstrike                      Air                          4
   e - Lightning Bolt                 Conjuration/Air              5
Comestibles
 d - 8 rations


   Skills:
 + Level 1.8 Fighting
 + Level 3.4 Short Blades
 - Level 1.5 Dodging
 + Level 9.5 Stealth
 - Level 4.0 Shields
 + Level 5.4 Spellcasting
 + Level 5.1 Hexes


You had 8 spell levels left.
You knew the following spells:

 Your Spells              Type           Power        Failure   Level  Hunger
a - Corona                Hex            ###....      1%          1    None
b - Ensorcelled Hibernat  Hex/Ice        ##....       7%          2    #......
c - Apportation           Tloc           #.....       13%         1    None
d - Confuse               Hex            ###.....     4%          3    ##.....
e - Tukima's Dance        Hex            ###.....     4%          3    ##.....


Dungeon Overview and Level Annotations

Branches:
Dungeon (7/15)             Temple (1/1) D:5

Altars:
Ashenzari
Cheibriados
Dithmenos
Elyvilon
Fedhas
Gozag
Hepliaklqana
Kikubaaqudgha
Makhleb
Nemelex Xobeh
Qazlal
Ru
Sif Muna
Trog
Uskayaw
Vehumet
Wu Jian
Xom
Yredelemnul
Zin
The Shining One


Innate Abilities, Weirdness & Mutations

You have razor-sharp teeth.
Your natural rate of healing is unusually fast.
When hurt, damage is shared between your health and your magic reserves.
Your bite disrupts and absorbs the magic of your enemies.
Potions cannot restore your health.
You are immune to rotting.


Message History

Unknown command.
Unknown command.
Okay, then.
Blink to where?
Press: ? - help, Dir - move target cursor You are very lightly contaminated with residual magic.
As you read the scroll of blinking, it crumbles to dust.
A kobold comes into view.
You feel sick.
The kobold shouts!
The killer bee closely misses you. The killer bee stings you!
* * * LOW HITPOINT WARNING * * *
The killer bee misses you. The killer bee completely misses you.
The killer bee closely misses you.
The killer bee stings you but does no damage.
The killer bee barely misses you. The killer bee stings you.
* * * LOW HITPOINT WARNING * * *
You block the killer bee's attack. The killer bee closely misses you. x2
The killer bee stings you.
You die...

#.. ..... ..y.# #####.##
.8.8.8. .y..#
#.?....##....... ##..#
#................###..###
#......y#K.=.!.#.#.......
#y###K.....)_#.........
#.##.a.....%.#..<...h..
#..†.yyy..............(
####yy@.........#######
#.yy.8.8.8.## #..........
#......#### #......#
########


You could see a big kobold, a worker ant, 8 killer bees and a kobold.

Vanquished Creatures
  Grinder (D:4)
  Edmund (D:4)
  An ogre (D:6)
  A centaur (D:6)
  Blork the orc (D:5)
  2 big kobolds (Sewer)
  2 scorpions (D:6)
  7 killer bees
  A crimson imp (D:5)
  A hound (D:6)
  4 orc priests
  A jelly (D:5)
  2 orc wizards
  2 worker ants (D:4)
  9 adders
  8 gnolls (D:6)
  A howler monkey skeleton (D:6)
  7 river rats
  A shadow imp (D:5)
  5 worms
  4 dart slugs
  3 leopard geckos
  23 orcs
  9 giant cockroaches
  5 goblins
  3 hobgoblins
  3 jackals (D:6)
  22 kobolds
  2 quokkas
  9 ball pythons
  11 bats
  3 frilled lizards
  24 rats
179 creatures vanquished.

Vanquished Creatures (others)
  A kobold (D:3)
1 creature vanquished.

Grand Total: 180 creatures vanquished

Notes
Turn   | Place    | Note
-------+----------+-------------------------------------------
     0 | D:1      | KeeTraxx the Vine Stalker Enchanter began the quest for the Orb.
     0 | D:1      | Reached XP level 1. HP: 9/9 MP: 4/4
   201 | D:1      | Reached XP level 2. HP: 13/13 MP: 6/6
   212 | D:1      | Learned a level 2 spell: Ensorcelled Hibernation
   552 | D:1      | Reached skill level 4 in Stealth
   856 | D:2      | Learned a level 1 spell: Apportation
   862 | D:2      | Reached XP level 3. HP: 17/17 MP: 7/7
  1004 | D:2      | Reached skill level 1 in Short Blades
  1286 | D:2      | Gained mutation: Your natural rate of healing is unusually fast. [Vine Stalker growth]
  1286 | D:2      | Reached XP level 4. HP: 21/21 MP: 6/9
  1318 | D:2      | Learned a level 3 spell: Confuse
  1564 | D:2      | Found a bloodstained altar of Trog.
  1564 | D:2      | Found a faded altar of an unknown god.
  1572 | D:2      | Found a glowing golden altar of the Shining One.
  1575 | D:2      | Found a faded altar of an unknown god.
  1576 | D:2      | Found a radiant altar of Vehumet.
  1796 | D:2      | Reached skill level 5 in Stealth
  2279 | D:3      | Found a stormy altar of Qazlal.
  2680 | D:4      | Reached XP level 5. HP: 25/25 MP: 7/10
  2731 | D:4      | Found a glowing drain.
  2736 | Sewer    | Entered a sewer
  2760 | Sewer    | Learned a level 3 spell: Tukima's Dance
  2780 | Sewer    | Noticed a big kobold
  2819 | Sewer    | Killed a big kobold
  2819 | Sewer    | Reached skill level 6 in Stealth
  2819 | Sewer    | Reached skill level 1 in Shields
  2980 | Sewer    | Reached XP level 6. HP: 29/29 MP: 11/11
  3371 | Sewer    | Reached skill level 1 in Fighting
  3928 | D:4      | Reached XP level 7. HP: 33/33 MP: 5/13
  3954 | D:4      | Noticed Grinder
  3997 | D:4      | Killed Grinder
  3997 | D:4      | Reached skill level 7 in Stealth
  4532 | D:4      | Noticed Edmund
  4547 | D:4      | Killed Edmund
  4777 | D:5      | Entered Level 5 of the Dungeon
  4788 | D:5      | Gained mutation: You have razor-sharp teeth. [Vine Stalker growth]
  4788 | D:5      | Reached XP level 8. HP: 37/37 MP: 15/15
  5053 | D:5      | Noticed Blork the orc
  5072 | D:5      | Killed Blork the orc
  5072 | D:5      | Reached skill level 8 in Stealth
  5304 | D:5      | Found a staircase to the Ecumenical Temple.
  5310 | Temple   | Entered the Ecumenical Temple
  5773 | D:6      | Reached skill level 5 in Spellcasting
  5974 | D:6      | Reached skill level 9 in Stealth
  6222 | D:6      | Reached skill level 5 in Hexes
  6485 | D:6      | Reached XP level 9. HP: 42/42 MP: 14/17
  6630 | D:7      | Found a hide-covered altar of Uskayaw.
  6653 | D:7      | HP: 2/42 [killer bee (4)]
  6653 | D:7      | Slain by a killer bee

Skill      XL: |  1  2  3  4  5  6  7  8 |
---------------+-------------------------+-----
Stealth        | 4 5 6 7 9 |  9.5
Short Blades   | 1 2 3 |  3.4
Spellcasting   | 3 4 5 |  5.4
Shields        | 1 2 4 |  4.0
Fighting       | 1 |  1.8
Hexes          | 4 5 |  5.1
Dodging        | |  1.5

Action                   |  1- 3 |  4- 6 |  7- 9 || total
-------------------------+-------+-------+-------++-------
Melee: Dagger            |    63 |   187 |   165 ||   415
       Bite              |     8 |    42 |    30 ||    80
Throw: Tomahawk          |       |     1 |     4 ||     5
 Cast: Corona            |     1 |       |       ||     1
       Ensorcelled Hiber |    13 |    39 |    32 ||    84
       Tukima's Dance    |       |     1 |       ||     1
       Confuse           |       |     1 |     7 ||     8
  Use: Scroll            |       |     4 |     1 ||     5
 Stab: Sleeping          |    14 |    39 |    30 ||    83
       Confused          |       |     1 |     2 ||     3
  Eat: Chunk             |     2 |    11 |     9 ||    22
Armor: Robe              |    10 |     8 |     6 ||    24
       Leather armour    |       |    18 |     7 ||    25
Dodge: Dodged            |    35 |    96 |    89 ||   220
Block: Buckler           |       |       |    35 ||    35
